 Dungeon Crawl Stone Soup version 0.28.0 (webtiles) character file.

Game seed: 6208578863046689586

156 PieDemon the Chopper (level 5, 0/46 HPs)
             Began as a Minotaur Fighter on Feb 19, 2022.
             Was an Initiate of Gozag.
             Killed by divine providence
             ... invoked by an orc priest
              (16 damage)
             ... on level 5 of the Dungeon.
             The game lasted 00:04:11 (2627 turns).

PieDemon the Chopper (Minotaur Fighter)             Turns: 2627, Time: 00:04:12

Health: 0/46       AC:  9    Str: 23    XL:     5   Next: 14%
Magic:  4/4        EV:  9    Int:  5    God:    Gozag
Gold:   161        SH:  4    Dex:  9    Spells: 4/4 levels left

rFire   . . .      SeeInvis .   a - +0 war axe
rCold   . . .      Faith    .   c - +0 buckler
rNeg    . . .      Spirit   .   b - +0 scale mail
rPois   .          Reflect  .   (helmet restricted)
rElec   .          Harm     .   (no cloak)
rCorr   .          Rampage  .   f - +1 pair of gloves {Stlth+}
Will    .....                   (no boots)
Stlth   +.........              (no amulet)
HPRegen 0.15/turn               (no ring)
MPRegen 0.09/turn               (no ring)

@: no status effects
A: horns 2, retaliatory headbutt
a: Renounce Religion, Potion Petition, Call Merchant, Bribe Branch


You were on level 5 of the Dungeon.
You worshipped Gozag.
Gozag was aware of your devotion.
You visited 2 branches of the dungeon, and saw 6 of its levels.

You collected 210 gold pieces.
You paid 49 gold pieces to Gozag.

Inventory:

Hand Weapons
 a - a +0 war axe (weapon)
Missiles
 j - 5 poisoned darts
 k - 6 boomerangs
Armour
 b - a +0 scale mail (worn)
 c - a +0 buckler (worn)
 f - a +1 pair of gloves of stealth (worn)
Wands
 h - a wand of paralysis (13)
Scrolls
 i - a scroll of enchant armour {unknown}
 l - 3 scrolls of identify {unknown}
Potions
 d - a potion of might
 e - 2 potions of curing {unknown}
 g - a potion of brilliance {unknown}


   Skills:
 - Level 4.0 Fighting
 * Level 4.8 Axes
 + Level 4.6 Armour
 + Level 4.6 Shields


You had 4 spell levels left.
You didn't know any spells.
Your spell library contained the following spells:

 Spells                   Type           Power      Damage    Failure   Level
 Blink                    Tloc           0%         N/A       95%         2
 Manifold Assault         Tloc           0%         N/A       100%        5
 Storm Form               Tmut/Air       0%         N/A       100%        7


Dungeon Overview and Level Annotations

Branches:
Dungeon (5/15)             Temple (1/1) D:4

Altars:
Ashenzari
Fedhas
Gozag
Makhleb
Xom
Zin

Shops:
D:1 *   D:3 (


Innate Abilities, Weirdness & Mutations

You have a pair of horns on your head.
You reflexively headbutt those who attack you in melee.


Message History

There is a stone staircase leading up here.
l - 3 scrolls labelled RANAR TAOL (gained 1)
A white imp comes into view.
The white imp shouts, "Flee, thou frothy mumble-news dandiprat!"
A white imp is nearby!
Found a stone staircase leading down.
The white imp gestures at you. The puff of frost misses you.
The white imp gestures at you. The puff of frost hits you!
An orc comes into view. It is wielding a +0 dagger.
The white imp gestures at you. The puff of frost hits you!
You slash the white imp!
You kill the white imp!
You barely miss the orc.
An orc comes into view. It is wielding a +0 dagger.
An orc comes into view. It is wielding a +2 whip of venom.
The orc hits you with a +0 dagger.
The orc moves out of view.
You barely miss the orc.
The orc is distracted by your dazzling golden aura.
You closely miss the orc.
The orc is no longer distracted by gold.
The orc barely misses you. The orc hits you but does no damage.
You closely miss the orc.
An orc priest comes into view. It is wielding a +0 whip.
An orc comes into view. It is wielding a +0 whip.
The orc hits you but does no damage.
The orc priest shouts!
You hit the orc.
The orc is heavily wounded.
The orc hits you but does no damage.
The orc priest calls down the wrath of Beogh upon you.
Beogh smites you!
You are too injured to fight recklessly!
Unknown command.
The orc priest mumbles some strange prayers to Beogh against you.
Beogh smites you!
You die...
Your body crumbles into a pile of gold.

.........###.#.####
....................
........###.........
$
$................#.#.
######............#
###............#
####.......####.....
#..........#. .....
#..$.@........ ...
#....o[..###.. $
#..o.....# ...
#.>......# ..
#.........#
.....####### .o...o
.o.... ......


You could see an orc priest and 4 orcs.

Vanquished Creatures
  Ijyb (D:3)
  An iguana (D:3)
  A howler monkey skeleton (D:4)
  3 adders (D:4)
  A white imp (D:5)
  An adder skeleton (D:4)
  A dart slug (D:2)
  An orc (D:4)
  6 ball pythons
  7 endoplasms
  A giant cockroach (D:3)
  A goblin (D:1)
  6 hobgoblins
  6 jackals (D:2)
  6 kobolds
  7 bats
  2 frilled lizards
  2 rats
54 creatures vanquished.

Notes
Turn   | Place    | Note
-------+----------+-------------------------------------------
     0 | D:1      | PieDemon the Minotaur Fighter began the quest for the Orb.
     0 | D:1      | Reached XP level 1. HP: 19/19 MP: 0/0
    67 | D:1      | Found a faded altar of an unknown god.
   314 | D:1      | Found Aheceg's General Store.
   422 | D:1      | Reached XP level 2. HP: 27/27 MP: 1/1
  1100 | D:2      | Reached XP level 3. HP: 33/33 MP: 2/2
  1465 | D:3      | Reached XP level 4. HP: 37/40 MP: 3/3
  1644 | D:3      | Found Ymakiunt's Weapon Boutique.
  1700 | D:3      | Noticed Ijyb
  1717 | D:3      | Paralysed by Ijyb for 3 turns
  1724 | D:3      | Killed Ijyb
  2106 | D:4      | Found a staircase to the Ecumenical Temple.
  2115 | Temple   | Entered the Ecumenical Temple
  2125 | Temple   | Became a worshipper of Gozag Ym Sagoz the Greedy
  2419 | D:4      | Reached XP level 5. HP: 46/46 MP: 4/4
  2604 | D:5      | Entered Level 5 of the Dungeon
  2627 | D:5      | Killed from afar by an orc priest

Illustrated notes

Levels and vault maps discovered:
D:1:      minmay_arrival_four_circles, layout_loops_corners, serial_shops,
          shop_statue, basic_ecumenical_altar
D:2:      layout_basic, minmay_octomino_e4
D:3:      layout_loops_ring, serial_shops, shop, minmay_misc_feat_nine_boxes,
          uniq_ijyb
D:4:      layout_basic, minmay_temple_entry_grid
D:5:      layout_basic, kennysheep_nub, uniq_edmund
Temple:   nicolae_temple_the_god_donut

Skill      XL: |  1  2  3  4 |
---------------+-------------+-----
Axes           | 3 4 |  4.8
Shields        | 4 |  4.6
Fighting       | 4 |  4.0
Armour         | 4 |  4.6

Action                   |  1- 3 |  4- 6 || total
-------------------------+-------+-------++-------
Melee: War axe           |    86 |    50 ||   136
       Headbutt          |    10 |     5 ||    15
Throw: Dart              |       |     1 ||     1
Armor: Scale mail        |    48 |    18 ||    66
Dodge: Dodged            |    31 |    25 ||    56
Block: Buckler           |    20 |     6 ||    26
